AoeStats
← mdave88

Oasis

509156781Analyzed
4v4 RM · 5d ago on Sep 25, 2026· 68m 55s· 8 players
Game mode
Random Map
Map size
Large (8 player)
Population
200
Speed
Normal
Resources
Standard
Victory
Conquest
Starting age
Dark Age
Ending age
Imperial Age
RankedLock teamsTeams togetherTeam positionsShared explorationLock speedFull tech treeHidden civsTurbo modeCheats
Victory
Defeat
🇭🇺 Inca · Hungary
852
+15
🇭🇺 Teutons · Hungary
849
+15
🇩🇪 Jurchens · Germany
805
+17
🇭🇺 Koreans · Hungary
785
+18
🇨🇱 Vikings · Chile
888
-18
🇮🇹 Khmer · Italy
834
-17
🇧🇷 Ethiopians · Brazil
818
-16
🇫🇷 Danes · France
772
-30
NestorMakhno
2:28 Loom
11:14 Feudal Age
11:46 Double-Bit Axe
11:43 Horse Collar
13:16 Wheelbarrow
20:16 Castle Age
18:45 Gold Mining
18:48 Stone Mining
18:55 Stone Mining
18:58 Town Watch
20:45 Bloodlines
23:14 Bow Saw
23:39 Heavy Plow
25:52 Gold Shaft Mining
26:06 Hand Cart
25:16 Man-at-Arms
31:48 Imperial Age
31:10 Stone Shaft Mining
30:38 Long Swordsman
30:51 Pikeman
32:25 Town Patrol
32:53 Conscription
34:23 Crop Rotation
38:05 Double Crossbow
38:27 Padded Archer Armor
39:43 Hoardings
39:36 Elite Ballista Elephant
40:48 Leather Archer Armor
40:24 Fletching
40:34 Scale Mail Armor
40:54 Husbandry
40:15 Light Cavalry
40:29 Elite Skirmisher
41:06 Hussar
42:06 Two-Handed Swordsman
42:06 Halberdier
43:57 Ring Archer Armor
43:38 Forging
48:13 Bodkin Arrow
48:43 Ballistics
52:10 Caravan
54:30 Chain Mail Armor
54:22 Scale Barding Armor
GrayFox
theilor.taiariol
10:09 Feudal Age
11:01 Double-Bit Axe
19:01 Castle Age
16:57 Horse Collar
19:42 Stone Mining
19:43 Gold Mining
20:11 Heavy Plow
20:27 Bow Saw
21:04 Stone Shaft Mining
33:53 Imperial Age
34:23 Wheelbarrow
33:35 Loom
33:36 Town Watch
33:54 Scale Mail Armor
34:04 Forging
34:00 Scale Barding Armor
33:56 Padded Archer Armor
33:47 Fletching
35:52 Caravan
35:36 Heavy Camel Rider
35:45 Light Cavalry
38:37 Chemistry
37:58 Ballistics
38:19 Gold Shaft Mining
38:21 Iron Casting
38:02 Chain Mail Armor
38:08 Chain Barding Armor
38:03 Leather Archer Armor
37:44 Bodkin Arrow
37:22 Elite Shotel Warrior
38:23 Conscription
39:15 Hand Cart
39:05 Town Patrol
39:15 Hussar
39:56 Husbandry
42:41 Plate Mail Armor
43:12 Blast Furnace
42:43 Ring Archer Armor
43:21 Royal Heirs
50:48 Elite Skirmisher
52:37 Bracer
snoow.wolf.96
0:39 Loom
13:46 Feudal Age
14:36 Horse Collar
20:32 Castle Age
18:34 Double-Bit Axe
19:21 Gold Mining
19:35 Scale Mail Armor
20:30 Forging
22:32 Scale Barding Armor
22:45 Chain Mail Armor
23:05 Iron Casting
24:13 Bow Saw
24:59 Heavy Plow
24:54 Stone Mining
27:58 Gold Shaft Mining
31:12 Caravan
32:17 Chieftains
34:49 Imperial Age
32:46 Squires
32:31 Arson
33:49 Ballistics
34:18 Fletching
34:27 Murder Holes
34:59 Elite Berserk
36:07 Conscription
36:27 Plate Mail Armor
40:18 Blast Furnace
39:14 Bodkin Arrow
40:23 Chemistry
41:28 Bogsveigar
41:38 Elite Varangian Guard
63:33 Bracer
Laszlo
11:54 Feudal Age
16:25 Castle Age
14:45 Loom
15:37 Wheelbarrow
14:56 Double-Bit Axe
26:36 Horse Collar
27:13 Husbandry
32:47 Gold Mining
33:13 Heavy Plow
33:53 Bow Saw
35:40 Wheelbarrow
34:52 Town Watch
35:30 Caravan
36:17 Fortified Wall
41:24 Imperial Age
39:20 Hand Cart
39:57 Town Patrol
40:21 Bloodlines
43:50 Elite Steppe Lancer
45:02 Conscription
45:21 Scale Barding Armor
48:56 Forging
49:12 Chain Barding Armor
51:24 Crop Rotation
52:52 Plate Barding Armor
52:55 Iron Casting
55:03 Blast Furnace
53:57 Fletching
54:07 Padded Archer Armor
66:50 Two-Man Saw
mdave88
2:57 Loom
11:23 Feudal Age
18:19 Castle Age
17:28 Double-Bit Axe
18:08 Stone Mining
20:04 Horse Collar
21:10 Scale Mail Armor
20:34 Man-at-Arms
24:22 Forging
24:07 Pikeman
24:49 Squires
25:14 Chain Mail Armor
27:06 Bow Saw
27:26 Scale Barding Armor
27:56 Gold Mining
33:37 Imperial Age
34:26 Wheelbarrow
35:20 Caravan
35:52 Chain Barding Armor
36:10 Iron Casting
36:53 Onager
38:41 Conscription
39:25 Hand Cart
40:07 Plate Barding Armor
40:41 Chemistry
39:57 Fortified Wall
39:39 Siege Onager
41:08 Heavy Plow
41:58 Plate Mail Armor
42:52 Two-Man Saw
42:33 Cavalier
44:51 Bloodlines
46:00 Blast Furnace
46:24 Stone Shaft Mining
46:51 Crop Rotation
46:27 Town Watch
47:54 Ballistics
47:50 Fletching
48:01 Padded Archer Armor
50:03 Bodkin Arrow
50:42 Leather Archer Armor
52:36 Paladin
55:10 Ring Archer Armor
63:53 Siege Engineers
Joe
7:07 Loom
11:44 Feudal Age
16:52 Castle Age
15:24 Double-Bit Axe
22:10 Horse Collar
23:14 Town Watch
24:51 Wheelbarrow
26:08 Bow Saw
27:05 Hand Cart
27:07 Scale Mail Armor
27:19 Forging
32:00 Imperial Age
29:48 Chain Mail Armor
30:35 Masonry
31:03 Iron Casting
32:33 Gold Mining
32:45 Heavy Plow
32:49 Squires
32:37 Arson
33:37 Padded Archer Armor
33:28 Fletching
34:47 Chemistry
33:53 Siege Engineers
33:19 Heavy Scorpion
35:26 Crop Rotation
36:30 Leather Archer Armor
36:10 Bodkin Arrow
36:02 Onager
37:15 Plate Mail Armor
37:46 Blast Furnace
37:12 Fortified Wall
38:16 Thumb Ring
38:13 Bracer
38:43 Ring Archer Armor
38:46 Conscription
38:26 Elite Kamayuk
41:22 Hoardings
40:56 Andean Sling
42:05 Fabric Shields
41:36 Capped Ram
42:29 Siege Ram
50:10 Caravan
64:47 Champi Runner
65:14 Treadmill Crane
65:25 Heated Shot
65:56 Ballistics
65:32 Murder Holes
65:29 Guard Tower
65:24 Arrowslits
65:44 Town Patrol
65:09 Pikeman
65:12 Crossbowman
65:13 Elite Skirmisher
66:39 Champi Warrior
67:21 Elite Champi Warrior
Zoleey
3:11 Loom
11:22 Feudal Age
11:44 Horse Collar
12:05 Double-Bit Axe
13:15 Wheelbarrow
20:28 Castle Age
21:18 Fletching
21:04 Crossbowman
24:05 Squires
24:34 Heavy Plow
25:21 Elite Skirmisher
30:26 Murder Holes
30:15 Treadmill Crane
30:47 Masonry
34:15 Imperial Age
32:29 Thumb Ring
33:14 Bow Saw
34:29 Ballistics
34:20 Arbalester
35:58 Pikeman
38:10 Caravan
39:51 Chemistry
40:09 Two-Man Saw
39:54 Stone Mining
39:57 Gold Mining
40:29 Bodkin Arrow
40:37 Scale Mail Armor
40:48 Forging
40:49 Town Watch
41:25 Hand Cart
40:36 Halberdier
43:58 Bracer
45:44 Conscription
46:08 Eupseong
50:25 Architecture
49:43 Arrowslits
53:27 Iron Casting
53:08 Chain Mail Armor
53:29 Arson
58:43 Plate Mail Armor
Connection lost

Rejoining the realm…

Still unreachable

The connection could not be restored.

Session expired

The server has moved on; the page needs a fresh start.